 Dungeon Crawl Stone Soup version 0.29-a0-284-gf9362112df (webtiles) character file.

Game seed: 15774729350416054617

79 jmlagarto the Skirmisher (level 4, 0/40 HPs)
             Began as a Minotaur Fighter on Mar 14, 2022.
             Was a Follower of Kikubaaqudgha.
             Slain by Grinder (5 damage)
             ... on level 3 of the Dungeon.
             The game lasted 00:03:00 (2109 turns).

jmlagarto the Skirmisher (Minotaur Fighter)         Turns: 2109, Time: 00:03:00

Health: 0/40       AC:  7    Str: 23    XL:     4   Next: 16%
Magic:  3/3        EV:  9    Int:  5    God:    Kikubaaqudgha [*.....]
Gold:   83         SH:  4    Dex:  9    Spells: 3/3 levels left

rFire   . . .      SeeInvis .   a - +0 war axe
rCold   . . .      Faith    +   c - +0 buckler
rNeg    . . .      Spirit   .   b - +0 scale mail
rPois   .          Reflect  .   (helmet restricted)
rElec   .          Harm     .   (no cloak)
rCorr   +          Rampage  .   (no gloves)
Will    .....                   (no boots)
Stlth   ..........              o - amulet of faith
HPRegen 0.13/turn               l - ring of resist corrosion
MPRegen 0.08/turn               (no ring)

@: mighty
A: horns 2, retaliatory headbutt
a: Renounce Religion, Receive Corpses


You were on level 3 of the Dungeon.
You worshipped Kikubaaqudgha.
Kikubaaqudgha was aware of your devotion.
You visited 1 branch of the dungeon, and saw 3 of its levels.

You collected 107 gold pieces.
You spent 24 gold pieces at shops.

Inventory:

Hand Weapons
 a - a +0 war axe (weapon)
Armour
 b - a +0 scale mail (worn)
 c - a +0 buckler (worn)
Jewellery
 l - a ring of resist corrosion (left hand)
 o - an amulet of faith (around neck)
 s - an amulet of the acrobat
Scrolls
 f - 4 scrolls of immolation
 g - a scroll of amnesia {unknown}
 k - a scroll of enchant weapon {unknown}
 m - a scroll of enchant armour {unknown}
 p - a scroll of fear {unknown}
 q - a scroll of identify
Potions
 e - a potion of berserk rage
 h - a potion of lignification {unknown}
 i - a potion of brilliance {unknown}
 j - 2 potions of attraction {unknown}
 n - 2 potions of degeneration {unknown}
 r - 3 potions of curing {unknown}
 t - a potion of haste {unknown}


   Skills:
 + Level 4.2 Fighting
 + Level 4.1 Axes
 + Level 4.0 Armour
 + Level 0.1 Dodging
 + Level 4.1 Shields


You had 3 spell levels left.
You didn't know any spells.
Your spell library contained the following spells:

 Spells                   Type           Power      Damage    Failure   Level
 Animate Skeleton         Necr           0%         N/A       86%         1
 Pain                     Necr           0%         1d4       86%         1
 Sublimation of Blood     Necr           0%         N/A       95%         2
 Vampiric Draining        Necr           0%         2d6       99%         3


Dungeon Overview and Level Annotations

Branches:
Dungeon (3/15)

Altars:
Kikubaaqudgha

Shops:
D:1 *

Annotations:
D:3 Grinder


Innate Abilities, Weirdness & Mutations

You have a pair of horns on your head.
You reflexively headbutt those who attack you in melee.


Message History

Kikubaaqudgha accepts your kill.
There is a stone staircase leading up here.
t - a puce potion A dart slug comes into view.
You hit the dart slug.
The dart slug is heavily wounded.
The dart slug barely misses you. You furiously retaliate!
You headbutt the dart slug!
You kill the dart slug!
Kikubaaqudgha accepts your kill.
Your Armour skill increases to level 4!
Grinder comes into view.
Grinder shouts!
A rat comes into view.
Grinder hits you but does no damage.
You hit Grinder.
Grinder is lightly wounded.
Grinder hits you!
You writhe in agony.
Grinder hits you but does no damage.
You closely miss Grinder. Your headbutt misses Grinder.
Grinder is lightly wounded.
Grinder says, "DUCK!"
Grinder gestures at you.
You suddenly lose the ability to move!
The rat twitches its whiskers.
Grinder hits you. The rat bites you but does no damage.
Grinder gestures at you. You resist with significant effort. The rat bites you.
Grinder barely misses you. The rat bites you but does no damage.
Grinder hits you.
You writhe in agony.
* * * LOW HITPOINT WARNING * * *
The rat bites you but does no damage. Grinder gestures at you.
Pain shoots through your body!
* * * LOW HITPOINT WARNING * * *
You can move again.
You feel very mighty all of a sudden. Grinder hits you.
You die...
Kikubaaqudgha rasps: "You have failed me!
Welcome... death!"

####.#### #
#.......#.#
###.......#.#
...........
#.......#
#.......#
#..r5...# ##
#...@...# ..
#######.#### .#
........#####.#
#...........#.#
...####.###.#<#
#.
#.##....###.#
.#...#<.....#
.#.##....#####
..# #....#


You could see Grinder and a rat.

Vanquished Creatures
  2 adders (D:2)
  A worm (D:2)
  2 dart slugs
  5 endoplasms
  3 giant cockroaches (D:1)
  5 goblins
  6 hobgoblins
  2 jackals (D:1)
  A kobold (D:2)
  4 quokkas
  5 ball pythons
  2 bats (D:1)
  3 frilled lizards
  9 rats
50 creatures vanquished.

Vanquished Creatures (others)
  6 fungi (D:2)
  6 plants (D:2)
12 creatures vanquished.

Grand Total: 62 creatures vanquished

Notes
Turn   | Place    | Note
-------+----------+-------------------------------------------
     0 | D:1      | jmlagarto the Minotaur Fighter began the quest for the Orb.
     0 | D:1      | Reached XP level 1. HP: 19/19 MP: 0/0
   103 | D:1      | Reached XP level 2. HP: 22/27 MP: 1/1
   247 | D:1      | Found Datus's General Store.
   268 | D:1      | Bought a scroll of identify for 24 gold pieces
   503 | D:1      | Reached XP level 3. HP: 30/33 MP: 2/2
  1448 | D:2      | Found a faded altar of an unknown god.
  1460 | D:2      | Prayed at the altar of an unknown god.
  1460 | D:2      | Became a worshipper of Kikubaaqudgha
  1460 | D:2      | Reached * piety under Kikubaaqudgha
  1460 | D:2      | Received a gift from Kikubaaqudgha
  1881 | D:2      | Reached XP level 4. HP: 30/40 MP: 3/3
  2098 | D:3      | Noticed Grinder
  2103 | D:3      | Paralysed by Grinder for 6 turns
  2109 | D:3      | Slain by Grinder

Illustrated notes

Levels and vault maps discovered:
D:1:      shiori_shiawase, layout_rooms, serial_shops, nicolae_shop_waterfront
D:2:      layout_basic, dreamdust_ecumenical_altar_grove
D:3:      layout_loops_ring, uniq_crazy_yiuf_cottage, uniq_grinder, uniq_terence

Skill      XL: |  1  2  3  4 |
---------------+-------------+-----
Fighting       | 4 |  4.2
Axes           | 3 4 |  4.1
Shields        | 4 |  4.1
Armour         | 4 |  4.0
Dodging        | |  0.1

Action                   |  1- 3 |  4- 6 || total
-------------------------+-------+-------++-------
Melee: War axe           |   107 |     4 ||   111
       Headbutt          |    14 |     1 ||    15
  Use: Scroll            |     2 |       ||     2
       Potion            |       |     1 ||     1
Armor: Scale mail        |    65 |     5 ||    70
Dodge: Dodged            |    45 |     2 ||    47
Block: Buckler           |    26 |       ||    26

Table legend: (Time is in decaauts)
 A = Elapsed time spent in this place.
 B = Non-inter-level travel time spent in this place.
 C = Inter-level travel time spent in this place.
 D = Time resting spent in this place.
 E = Time spent auto-exploring this place.
 F = Levels seen in this place.
 G = Mean time per level.
                   A        B        C        D        E       F      G
               +--------+--------+--------+--------+--------+-----+--------+
         Total |   2149 |   2067 |     82 |      0 |   1733 |   3 |  716.3 |
       Dungeon |   2149 |   2067 |     82 |      0 |   1733 |   3 |  716.3 |
               +--------+--------+--------+--------+--------+-----+--------+

Top non-repeatable levels by time:
     D:2: 1257 daAuts
     D:1: 868 daAuts
     D:3: 23 daAuts
